 Dungeon Crawl Stone Soup version 0.31-a0-188-g5e087ee2ca (webtiles) character file.

Game seed: 5278581920625477357

153 qw the Skirmisher (level 5, 0/29 HPs)
             Began as a Deep Elf Hunter on June 23, 2023.
             Slain by a goblin
             ... wielding a +0 club
             ... led by Robin
              (2 damage)
             ... on level 4 of the Dungeon.
             The game lasted 00:00:50 (2966 turns).

qw the Skirmisher (Deep Elf Hunter)                 Turns: 2966, Time: 00:00:50

Health: 0/29       AC:  9    Str: 10    XL:     5   Next: 12%
Magic:  0/7        EV: 11    Int: 20    God:
Gold:   122        SH:  0    Dex: 18    Spells: 4/4 levels left

rFire   . . .        Y - +0 shortbow
rCold   + + .        (shield currently unavailable)
rNeg    . . .        h - +1 ring mail of the Gloaming {rC++ Int+6}
rPois   .            c - +0 helmet
rElec   .            (no cloak)
rCorr   .            (no gloves)
SInv    +            b - +1 pair of boots
Will    .....        d - amulet of guardian spirit
Stlth   +            g - ring of see invisible
HPRegen 0.24/turn    i - +4 ring of slaying {mikee}
MPRegen 0.10/turn

%: guardian spirit
@: no status effects
A: no striking features
a: no special abilities


You were on level 4 of the Dungeon.
You visited 1 branch of the dungeon, and saw 4 of its levels.

You collected 122 gold pieces.


   Skills:
 - Level 1.5 Fighting
 + Level 8.5 Ranged Weapons
 - Level 2.4 Dodging
 - Level 1.2 Stealth


You had 4 spell levels left.
You didn't know any spells.
Your spell library was empty.

Inventory:

Hand Weapons
 Y - a +0 shortbow (weapon)
Armour
 b - a +1 pair of boots (worn)
 c - a +0 helmet (worn)
 h - the +1 ring mail of the Gloaming (worn) {rC++ Int+6}
   (You found it on level 2 of the Dungeon)

   Int:       It affects your intelligence (+6).
   rC:        It greatly protects you from cold.
 k - a +0 pair of gloves
Jewellery
 d - an amulet of guardian spirit (around neck)
 g - a ring of see invisible (left hand)
 i - a +4 ring of slaying (right hand) {mikee}
Scrolls
 a - 3 scrolls of brand weapon {unknown}
Potions
 e - a potion of berserk rage {unknown}
 f - a potion of attraction {unknown}
 j - a potion of heal wounds {unknown}
 l - a potion of mutation {unknown}

Dungeon Overview and Level Annotations

Branches:
Dungeon (4/15)
 Temple: D:4-7

Altars:
The Shining One

Annotations:
D:4 Robin


Message History

You shoot an arrow. The arrow hits the goblin!
You kill the goblin!
The goblin hits you but does no damage. Robin throws the goblin at you!
The goblin misses you. The goblin closely misses you.
You shoot an arrow. The arrow closely misses the goblin.
The goblin hits you but does no damage. The goblin hits you with a +0 club.
The goblin hits you but does no damage.
You shoot an arrow. The arrow hits the goblin!
You kill the goblin!
The goblin hits you but does no damage. Robin throws the goblin at you!
The goblin barely misses you. The goblin hits you but does no damage.
The goblin hits you with a +0 club. The goblin hits you but does no damage.
Robin throws the goblin at you! The goblin hits you but does no damage.
You shoot an arrow. The arrow misses the goblin.
The goblin hits you but does no damage. The goblin hits you with a +0 club. x3
Robin roars a battlecry!
The goblins go into a battle-frenzy!
You shoot an arrow. The arrow hits the goblin!
You kill the goblin!
The goblin hits you with a +0 club. The goblin barely misses you.
The goblin hits you but does no damage.
You shoot an arrow. The arrow barely misses the goblin.
The goblin misses you. The endoplasm barely misses you.
The goblin hits you but does no damage. x2
You shoot an arrow. The arrow closely misses the goblin.
The endoplasm hits you.
The goblin hits you but does no damage. x2
Robin throws the goblin at you! The goblin hits you with a +0 club.
You shoot an arrow. The arrow hits the goblin!
You kill the goblin!
The endoplasm hits you. The goblin barely misses you.
The goblin closely misses you. The goblin hits you with a +0 club.
You shoot an arrow. The arrow closely misses the goblin.
The goblin hits you with a +0 club. The endoplasm hits you.
The goblin hits you but does no damage. x2; The goblin barely misses you. x2
The goblin closely misses you. The endoplasm barely misses you.
Robin throws the goblin at you!
You shoot an arrow. The arrow barely misses the goblin.
The goblin hits you but does no damage. The endoplasm closely misses you.
The goblin hits you with a +0 club.
You die...

.....................#
.....................#
.....................#
...#################.#
...# .........#.# ...#
........#.# ...#
........'.# ...#
#######gg.#.# ...#
....gog@g.#.# ...#
....go#J..#.# ...#
....g #...#.# ...#
.... #...#.# ...# ...
#...#.# #..# ##
#...#.# #### ....# ~##
....# ~~#


You could see Robin, 2 orcs, an endoplasm, a hobgoblin (strong) and 5 goblins.

Vanquished Creatures
  Jessica (D:2)
  Natasha (D:2)
  An adder (D:4)
  3 ufetubi
  2 worms
  A dart slug (D:1)
  7 orcs
  4 ball pythons
  7 endoplasms
  2 giant cockroaches
  8 goblins
  4 hobgoblins
  8 kobolds
  A quokka (D:1)
  7 bats
  7 rats
64 creatures vanquished.

Notes
Turn   | Place    | Note
-------+----------+-------------------------------------------
     0 | D:1      | qw the Deep Elf Hunter began the quest for the Orb.
     0 | D:1      | Reached XP level 1. HP: 12/12 MP: 3/3
     0 | D:1      | 0 ||| qw: Version: 0.3-a-9-g12657ce
     0 | D:1      | 0 ||| qw: Game counter: 4085
     0 | D:1      | 0 ||| qw: Always use a shield: true
     0 | D:1      | 0 ||| qw: God list: Okawaru
     0 | D:1      | 0 ||| qw: Allow faded altars: false
     0 | D:1      | 0 ||| qw: Do Orc after D:15 true
     0 | D:1      | 0 ||| qw: Do second Lair branch before Depths: true
     0 | D:1      | 0 ||| qw: Lair rune preference: random
     0 | D:1      | 0 ||| qw: Plans: Normal
     0 | D:1      | 0 ||| PLANNING D:1-11
    92 | D:1      | 92 ||| DROPPING scroll of butterflies.
   141 | D:1      | Reached XP level 2. HP: 16/16 MP: 4/4
   150 | D:1      | Reached skill level 6 in Ranged Weapons
   365 | D:1      | 365 ||| UPGRADING to +0 ring mail.
   375 | D:1      | 375 ||| DROPPING +0 leather armour.
   630 | D:1      | 630 ||| UPGRADING to amulet of guardian spirit.
   697 | D:1      | 697 ||| UPGRADING to +0 helmet.
   734 | D:1      | 734 ||| READING scroll labelled CEREZAE MIOL.
  1019 | D:2      | Noticed Jessica
  1022 | D:2      | Killed Jessica
  1023 | D:2      | Reached skill level 7 in Ranged Weapons
  1023 | D:2      | Reached XP level 3. HP: 20/20 MP: 5/5
  1074 | D:2      | Identified the +1 ring mail of the Gloaming {rC++ Int+6}
  1171 | D:2      | Found a glowing golden altar of the Shining One.
  1275 | D:2      | Noticed Natasha
  1280 | D:2      | Killed Natasha
  1281 | D:2      | Reached XP level 4. HP: 22/25 MP: 4/6
  1780 | D:2      | 1780 ||| UPGRADING to +1 ring mail of the Gloaming {rC++
                  | Int+6}.
  1790 | D:2      | 1790 ||| DROPPING +0 ring mail.
  1791 | D:2      | 1791 ||| UPGRADING to ring of see invisible.
  1792 | D:2      | 1792 ||| UPGRADING to +4 ring of slaying {mikee}.
  1793 | D:2      | 1793 ||| READING scroll labelled UFEACENIYSO.
  1794 | D:2      | 1794 ||| READING scroll labelled OFOTIDD UJANWO.
  2100 | D:3      | Identified the +3 chain mail of Knowledge {Will+ Dex+2}
  2183 | D:3      | Reached skill level 8 in Ranged Weapons
  2549 | D:3      | 2549 ||| UPGRADING to +1 pair of boots.
  2554 | D:3      | 2554 ||| READING scroll labelled PAMIFOF CEJA.
  2555 | D:3      | 2555 ||| READING scroll labelled JOISUU MUPNU.
  2870 | D:4      | Reached XP level 5. HP: 29/29 MP: 7/7
  2951 | D:4      | Noticed Robin
  2963 | D:4      | HP: 5/29 [goblin/+0 club[Robin] (4)]
  2964 | D:4      | HP: 2/29 [goblin/+0 club[Robin] (2)]
  2966 | D:4      | Slain by a goblin

Levels and vault maps discovered:
D:1:      minmay_arrival_widening_spiral_wide, layout_basic,
          serial_co_window_serial, co_window_of_opportunity_a,
          co_window_paths_a, co_window_of_opportunity_a, co_window_corner_a,
          co_window_paths_a, co_window_unsneaky_path_a, co_window_broadway_b,
          co_window_broadway_c, co_window_of_opportunity_b, co_window_4corner_a,
          glass_columns_c, glass_columns_c, glass_columns_c
D:2:      layout_basic, basic_altar, uniq_natasha, uniq_jessica
D:3:      layout_loops_ring, chequers_jeans, minivault_4
D:4:      layout_basic, chequers_serial_rivers_small_3, skrybe_limestone_x,
          uniq_grinder, uniq_robin

Skill      XL: |  1  2  3  4 |
---------------+-------------+-----
Ranged Weapons | 7 8 |  8.5
Fighting       | |  1.5
Dodging        | |  2.4
Stealth        | |  1.2

Action                     |  1- 3 |  4- 6 || total
---------------------------+-------+-------++-------
   Fire: Shortbow          |    69 |    75 ||   144
    Use: Scroll            |     1 |     4 ||     5
 Armour: Ring mail         |     5 |    37 ||    42
  Dodge: Dodged            |    12 |    32 ||    44

Table legend:
 A = Non-vault XP
 B = Vault XP
 C = Vault XP percentage of total XP
 D = Non-vault monster count
 E = Vault monster count
 F = Vault count percentage of total count
                 A         B        C        D         E       F
            +---------+---------+-------+---------+---------+-------
      Total |     139 |      80 |  36.5 |      57 |       7 |  10.9
            +---------+---------+-------+---------+---------+-------
        D:1 |      35 |       0 |   0.0 |      20 |       0 |   0.0
        D:2 |      11 |      70 |  86.4 |       5 |       2 |  28.6
        D:3 |      38 |       0 |   0.0 |      16 |       0 |   0.0
        D:4 |      55 |      10 |  15.4 |      16 |       5 |  23.8
            +---------+---------+-------+---------+---------+-------
